 Dungeon Crawl Stone Soup version 0.22-a0-362-g535178c (webtiles) character file.

4 Amnesiac the Grave Robber (level 1, -2/13 HPs)
             Began as a Mummy Necromancer on Apr 19, 2018.
             Slain by a leopard gecko (4 damage)
             ... on level 2 of the Dungeon.
             The game lasted 00:01:19 (233 turns).

Amnesiac the Grave Robber (Mummy Necromancer)        Turns: 233, Time: 00:01:20

Health: -2/13      AC:  2    Str: 11    XL:     1   Next: 50%
Magic:  2/4        EV: 12    Int: 14    God:
Gold:   1          SH:  0    Dex: 12    Spells: 4/5 levels left

rFire    x . .     SeeInvis .   (no weapon)
rCold    + . .     Gourm    .   (no shield)
rNeg     + + +     Faith    .   a - +0 robe
rPois    ∞         Spirit   .   (no helmet)
rElec    .         Reflect  .   (no cloak)
rCorr    .         Harm     .   (no gloves)
MR       .....                  (no boots)
Stlth    ++........             (no amulet)
HPRegen  0.04/turn              (no ring)
MPRegen  0.09/turn              (no ring)

@: no status effects
A: no food or potions, fire vulnerability, cold resistance 1, negative energy
resistance 3, torment resistance, unbreathing
a: no special abilities


You were on level 2 of the Dungeon.
You were not hungry.

You visited 1 branch of the dungeon, and saw 3 of its levels.

You collected 1 gold pieces.

Inventory:

Missiles
 b - 17 sling bullets
Armour
 a - a +0 robe (worn)


   Skills:
 + Level 0.3 Fighting
 * Level 1.7 Dodging
 - Level 1.5 Stealth
 + Level 2.8 Spellcasting
 - Level 4.0 Necromancy


You had 4 spell levels left.
You knew the following spells:

 Your Spells              Type           Power        Failure   Level  Hunger
a - Pain                  Necr           ##..         4%          1    N/A

Dungeon Overview and Level Annotations

Branches:
Dungeon (3/15)

Altars:


Innate Abilities, Weirdness & Mutations

You do not eat or drink.
Your flesh is vulnerable to fire.
You are immune to poison.
Your flesh is cold resistant. (rC+)
You are immune to negative energy. (rN+++)
You are immune to unholy pain and torment.
You can survive without breathing.


Message History

Casting: Pain (safe; 4% risk of failure)
Confirm with . or Enter, or press ? or * to list all spells.
You don't have enough magic to cast that spell.
Casting: Pain (safe; 4% risk of failure)
Confirm with . or Enter, or press ? or * to list all spells.
You don't have enough magic to cast that spell.
Casting: Pain (safe; 4% risk of failure)
Confirm with . or Enter, or press ? or * to list all spells.
You don't have enough magic to cast that spell.
Casting: Pain (safe; 4% risk of failure)
Confirm with . or Enter, or press ? or * to list all spells.
You don't have enough magic to cast that spell.
You barely miss the leopard gecko.
The leopard gecko is heavily wounded.
The leopard gecko bites you.
A rat comes into view.
You miss the leopard gecko.
The leopard gecko is heavily wounded.
The leopard gecko closely misses you.
Casting: Pain (safe; 4% risk of failure)
Confirm with . or Enter, or press ? or * to list all spells.
You don't have enough magic to cast that spell.
You hit the leopard gecko but do no damage.
The leopard gecko is heavily wounded.
The leopard gecko bites you.
Casting: Pain (safe; 4% risk of failure)
Confirm with . or Enter, or press ? or * to list all spells.
You don't have enough magic to cast that spell.
The leopard gecko misses you. The adder misses you.
The adder barely misses you.
A frilled lizard comes into view.
The leopard gecko bites you.
* * * LOW HITPOINT WARNING * * *
Really read
c - a scroll labeled OTARUCOCOE {!r}? [Y]es or [N]o only, please.
Really read
c - a scroll labeled OTARUCOCOE {!r}?
As you read the scroll labeled OTARUCOCOE {!r}, it crumbles to dust.
It is a scroll of enchant weapon.
You aren't carrying any weapons that can be enchanted.
The leopard gecko barely misses you.
The frilled lizard hisses angrily.
The leopard gecko hisses menacingly.
You enter the shallow water.
Moving in this stuff is going to be slow.
The leopard gecko closely misses you.
Casting: Pain (safe; 4% risk of failure)
Confirm with . or Enter, or press ? or * to list all spells.
Aiming: Pain (safe; 4% risk of failure)
Press: ? - help, Shift-Dir - straight line, f/p - leopard gecko
Aim: a leopard gecko (moderately wounded, clinging, chance to defeat MR: 83%)
The leopard gecko writhes in agony!
The leopard gecko bites you but does no damage.
The leopard gecko barely misses you.
Unknown command.
Found an escape hatch in the ceiling.
The leopard gecko bites you.
* * * LOW HITPOINT WARNING * * *
The leopard gecko barely misses you.
Found a scroll labeled ZIAPHI PACWET.
The leopard gecko closely misses you. The leopard gecko bites you.
* * * LOW HITPOINT WARNING * * *
The leopard gecko bites you.
You die...

....)r.....#r#.#
##..##.#
######.###.#.#.#
#.>##.# #.###.#.#.#
####
#....S..#l#######
#####.###S..<....
............########
#.#####.......l.S..#
#..##.######.#.##
#..#...@lS.l....#
#..#..####...####
#..#..# #.......
#..#..# ########
#... .?.


You could see an adder, a leopard gecko and a frilled lizard.

Vanquished Creatures
  A goblin (D:2)
  A hobgoblin (D:1)
  A frilled lizard (D:2)
  A rat (D:2)
4 creatures vanquished.

Notes
Turn   | Place    | Note
-------+----------+-------------------------------------------
     0 | D:1      | Amnesiac the Mummy Necromancer began the quest for the Orb.
     0 | D:1      | Reached XP level 1. HP: 13/13 MP: 4/4
   149 | D:2      | Found a faded altar of an unknown god.
   161 | D:3      | Noticed an orc wizard
   233 | D:2      | Slain by a leopard gecko

Vault maps used:
D:1:      dpeg_arrival_central, minmay_misc_feat_cross,
          minmay_misc_feat_ornament
D:2:      okawaru_ov_weapons_minmay, chequers_ecumenical_altar_island,
          kennysheep_small_spiral, uniq_natasha
D:3:      evilmike_ruin_ashenzari, nicolae_overflow_crystal_walls, first_ration,
          uniq_robin, uniq_grinder

Action                   || total
-------------------------++-------
Melee: Unarmed           ||     3
 Cast: Pain              ||    11
  Use: Scroll            ||     1
Armor: Robe              ||     1
Dodge: Dodged            ||     9

Table legend:
 A = Spawn XP
 B = Non-spawn XP
 C = Spawn XP percentage of total XP
 D = Spawn monster count
 E = Non-spawn monster count
 F = Spawn count percentage of total count
 G = Total turns spent on level
                    A         B        C        D         E        F      G
               +---------+---------+-------+---------+---------+-------+---------
         Total |       0 |       6 |   0.0 |       0 |       4 |   0.0 |   233
               +---------+---------+-------+---------+---------+-------+---------
           D:1 |       0 |       2 |   0.0 |       0 |       1 |   0.0 |    73
           D:2 |       0 |       4 |   0.0 |       0 |       3 |   0.0 |   157
               +---------+---------+-------+---------+---------+-------+---------
